TOP OF THE 1ST |
Erie Jaxx batting - Pitching for Barry's Bay Orioles : RHP Tim Osborne
|
Pitching: RHP Tim Osborne
|
|
Batting: SHB Giel Molendijk
|
0-0: Ball 1-0: Swinging Strike 1-1: Ball 2-1: Fly out, F8 (Flyball, 8LS)
|
Batting: RHB Guaspar Vasche
|
0-0: Swinging Strike 0-1: Foul Ball, location: 2F 0-2: Strikes out swinging
|
Batting: SHB Michael Field
|
0-0: Foul Ball, location: 2F 0-1: Ball 1-1: Swinging Strike 1-2: Strikes out swinging
|
Top of the 1st over - 0 run(s), 0 hit(s), 0 error(s), 0 left on base; Erie 0 - Barry's Bay 0 |
BOTTOM OF THE 1ST |
Barry's Bay Orioles batting - Pitching for Erie Jaxx : LHP Todd Anderson
|
Pitching: LHP Todd Anderson
|
|
Batting: RHB Pablo Hernández
|
0-0: Bunt missed! 0-1: Ball 1-1: Foul Ball, location: 2F 1-2: Strikes out looking
|
Batting: LHB Manuel Pérez
|
0-0: Swinging Strike 0-1: Ball 1-1: Foul Ball, location: 2F 1-2: Strikes out swinging
|
Batting: LHB José Rodríguez
|
0-0: Ball 1-0: Called Strike 1-1: Called Strike 1-2: Strikes out swinging
|
Bottom of the 1st over - 0 run(s), 0 hit(s), 0 error(s), 0 left on base; Erie 0 - Barry's Bay 0 |
TOP OF THE 2ND |
Erie Jaxx batting - Pitching for Barry's Bay Orioles : RHP Tim Osborne
|
Batting: LHB Josh Pérez
|
0-0: Called Strike 0-1: Ball 1-1: Ball 2-1: Ball 3-1: Called Strike 3-2: Fly out, F9 (Flyball, 89S)
|
Batting: LHB Jim Knight
|
0-0: Foul Ball, location: 2F 0-1: Ball 1-1: Swinging Strike 1-2: Ground out 5-3 (Groundball, 56)
|
Batting: RHB José Hernández
|
0-0: Ball 1-0: Foul Ball, location: 2F 1-1: Foul Ball, location: 2F 1-2: Ball 2-2: Strikes out swinging, 2-3 out at first.
|
Top of the 2nd over - 0 run(s), 0 hit(s), 0 error(s), 0 left on base; Erie 0 - Barry's Bay 0 |
BOTTOM OF THE 2ND |
Barry's Bay Orioles batting - Pitching for Erie Jaxx : LHP Todd Anderson
|
Batting: SHB Terry Christian
|
0-0: Ball 1-0: Foul Ball, location: 2F 1-1: Ball 2-1: Ball 3-1: Swinging Strike 3-2: Foul Ball, location: 2F 3-2: Foul Ball, location: 2F 3-2: Foul Ball, location: 2F 3-2: Base on Balls
|
Batting: RHB Bill Pike
|
0-0: Ball 1-0: Called Strike 1-1: Foul Ball, location: 2F 1-2: Fly out, F9 (Line Drive, 9)
|
Batting: LHB Ryan Rheaume
|
0-0: Called Strike 0-1: Swinging Strike 0-2: Foul Ball, location: 2F 0-2: Strikes out looking
|
Batting: RHB Paul Nelson
|
0-0: Ball 1-0: Foul Ball, location: 2F 1-1: Ball 2-1: Ball 3-1: Called Strike 3-2: Foul Ball, location: 2F 3-2: Strikes out looking
|
Bottom of the 2nd over - 0 run(s), 0 hit(s), 0 error(s), 1 left on base; Erie 0 - Barry's Bay 0 |
TOP OF THE 3RD |
Erie Jaxx batting - Pitching for Barry's Bay Orioles : RHP Tim Osborne
|
Batting: RHB Edgardo Castro
|
0-0: Ball 1-0: Ground out 4-3 (Groundball, 4M)
|
Batting: RHB Ángel Serrano
|
0-0: Foul Ball, location: 2F 0-1: Ball 1-1: Foul Ball, location: 2F 1-2: Strikes out swinging
|
Batting: RHB Cristián Cauozos
|
0-0: Ball 1-0: Ball 2-0: SOLO HOME RUN (Flyball, 78XD), Distance : 375 ft
|
Batting: SHB Giel Molendijk
|
0-0: Ball 1-0: Foul Ball, location: 2F 1-1: Foul Ball, location: 2F 1-2: SINGLE (Flyball, 6MD)
|
Batting: RHB Guaspar Vasche
|
0-0: Ball 1-0: Called Strike 1-1: Fly out, F8 (Line Drive, 8LM)
|
Top of the 3rd over - 1 run(s), 2 hit(s), 0 error(s), 1 left on base; Erie 1 - Barry's Bay 0 |
BOTTOM OF THE 3RD |
Barry's Bay Orioles batting - Pitching for Erie Jaxx : LHP Todd Anderson
|
Batting: RHB Jason Ward
|
0-0: Hit by Pitch
|
Batting: RHB Santiago Rivera
|
0-0: Called Strike 0-1: Called Strike 0-2: Ball 1-2: Ball 2-2: Foul Ball, location: 2F 2-2: Strikes out swinging
|
Batting: RHB Pablo Hernández
|
0-0: Called Strike 0-1: Ball 1-1: Called Strike 1-2: Ball 2-2: Foul Ball, location: 2F 2-2: Ball 3-2: Strikes out swinging
|
Batting: LHB Manuel Pérez
|
0-0: Ball Jason Ward steals 2nd base 1-0: Called Strike 1-1: Foul Ball, location: 2F 1-2: Strikes out looking
|
Bottom of the 3rd over - 0 run(s), 0 hit(s), 0 error(s), 1 left on base; Erie 1 - Barry's Bay 0 |
TOP OF THE 4TH |
Erie Jaxx batting - Pitching for Barry's Bay Orioles : RHP Tim Osborne
|
Batting: SHB Michael Field
|
0-0: Fly out, F8 (Flyball, 8RD)
|
Batting: LHB Josh Pérez
|
0-0: Ball 1-0: SINGLE (Line Drive, 8LS)
|
Batting: LHB Jim Knight
|
0-0: Ball Josh Pérez is caught stealing 2nd base 1-0: Called Strike 1-1: Foul Ball, location: 2F 1-2: Foul Ball, location: 2F 1-2: Foul Ball, location: 2F 1-2: Strikes out swinging
|
Top of the 4th over - 0 run(s), 1 hit(s), 0 error(s), 0 left on base; Erie 1 - Barry's Bay 0 |
BOTTOM OF THE 4TH |
Barry's Bay Orioles batting - Pitching for Erie Jaxx : LHP Todd Anderson
|
Batting: LHB José Rodríguez
|
0-0: Ball 1-0: SINGLE (Groundball, 4MD)
|
Batting: SHB Terry Christian
|
0-0: Ball 1-0: Ball 2-0: Ground out 3-1 (Groundball, 34) José Rodríguez to second
|
Batting: RHB Bill Pike
|
0-0: Called Strike 0-1: Ball 1-1: Ground out 6-3 (Groundball, 6) José Rodríguez to third
|
Batting: LHB Ryan Rheaume
|
0-0: SINGLE (Groundball, 4M) (infield hit) José Rodríguez scores
|
Batting: RHB Paul Nelson
|
0-0: Called Strike 0-1: Ball 1-1: Ball 2-1: Ball 3-1: Foul Ball, location: 2F 3-2: Ground out 4-3 (Groundball, 4)
|
Bottom of the 4th over - 1 run(s), 2 hit(s), 0 error(s), 1 left on base; Erie 1 - Barry's Bay 1 |
TOP OF THE 5TH |
Erie Jaxx batting - Pitching for Barry's Bay Orioles : RHP Tim Osborne
|
Batting: RHB José Hernández
|
0-0: Ball 1-0: Called Strike 1-1: Called Strike 1-2: Foul Ball, location: 2F 1-2: Strikes out swinging, 2-3 out at first.
|
Batting: RHB Edgardo Castro
|
0-0: Ball 1-0: Called Strike 1-1: Foul Ball, location: 2F 1-2: Ball 2-2: Ground out 4-3 (Groundball, 4)
|
Batting: RHB Ángel Serrano
|
0-0: Called Strike 0-1: Ball 1-1: Ball 2-1: Ball 3-1: Ground out 4-3 (Groundball, 4M)
|
Top of the 5th over - 0 run(s), 0 hit(s), 0 error(s), 0 left on base; Erie 1 - Barry's Bay 1 |
BOTTOM OF THE 5TH |
Barry's Bay Orioles batting - Pitching for Erie Jaxx : LHP Todd Anderson
|
Batting: RHB Jason Ward
|
0-0: Called Strike 0-1: Ball 1-1: Swinging Strike 1-2: Strikes out swinging
|
Batting: RHB Santiago Rivera
|
0-0: Ground out 5-3 (Groundball, 56S)
|
Batting: RHB Pablo Hernández
|
0-0: Ball 1-0: Ball 2-0: Called Strike 2-1: Ground out 6-3 (Groundball, 6S)
|
Bottom of the 5th over - 0 run(s), 0 hit(s), 0 error(s), 0 left on base; Erie 1 - Barry's Bay 1 |
TOP OF THE 6TH |
Erie Jaxx batting - Pitching for Barry's Bay Orioles : RHP Tim Osborne
|
Batting: RHB Cristián Cauozos
|
0-0: Ball 1-0: Swinging Strike 1-1: Ball 2-1: Ball 3-1: Ground out 5-3 (Groundball, 56)
|
Batting: SHB Giel Molendijk
|
0-0: DOUBLE (Line Drive, 7LM)
|
Batting: RHB Guaspar Vasche
|
0-0: Ball 1-0: Ground out 5-3 (Groundball, 56)
|
Batting: SHB Michael Field
|
0-0: Called Strike 0-1: Called Strike 0-2: Ball 1-2: Ground out 4-3 (Groundball, 4M)
|
Top of the 6th over - 0 run(s), 1 hit(s), 0 error(s), 1 left on base; Erie 1 - Barry's Bay 1 |
TOP OF THE 7TH |
Erie Jaxx batting - Pitching for Barry's Bay Orioles : RHP Tim Osborne
|
Batting: LHB Josh Pérez
|
0-0: Swinging Strike 0-1: Ball 1-1: Foul Ball, location: 2F 1-2: SINGLE (Line Drive, 89M)
|
Batting: LHB Jim Knight
|
0-0: Ball 1-0: Called Strike 1-1: Ball 2-1: Foul Ball, location: 2F 2-2: Strikes out swinging
|
Pitching: LHP Ben Turner
|
|
Batting: RHB José Hernández
|
0-0: Called Strike 0-1: Ball 1-1: Fly out, F3 (Popup, 3L)
|
Batting: RHB Edgardo Castro
|
0-0: Ball 1-0: Ball 2-0: SINGLE (Line Drive, 56D) Josh Pérez to second
|
Batting: RHB Ángel Serrano
|
0-0: Foul Ball, location: 2F 0-1: Ball 1-1: Ball 2-1: Foul Ball, location: 2F 2-2: Strikes out swinging
|
Top of the 7th over - 0 run(s), 2 hit(s), 0 error(s), 2 left on base; Erie 1 - Barry's Bay 3 |
BOTTOM OF THE 7TH |
Barry's Bay Orioles batting - Pitching for Erie Jaxx : RHP Javier Bustamante
|
Batting: RHB Paul Nelson
|
0-0: Ball 1-0: Ball 2-0: Called Strike 2-1: Foul Ball, location: 2F 2-2: Strikes out looking
|
Batting: RHB Jason Ward
|
0-0: Called Strike 0-1: Foul Ball, location: 2F 0-2: Strikes out swinging
|
Batting: RHB Santiago Rivera
|
0-0: Ball 1-0: Ground out 6-3 (Groundball, 56)
|
Bottom of the 7th over - 0 run(s), 0 hit(s), 0 error(s), 0 left on base; Erie 1 - Barry's Bay 3 |
TOP OF THE 8TH |
Erie Jaxx batting - Pitching for Barry's Bay Orioles : LHP Ben Turner
|
Batting: RHB Cristián Cauozos
|
0-0: SINGLE (Groundball, 56D)
|
Pitching: LHP Bernardo Valero
|
|
Batting: SHB Giel Molendijk
|
0-0: Swinging Strike 0-1: Ball 1-1: Foul Ball, location: 2F 1-2: Reaches on Catchers interference Cristián Cauozos to second
|
Pitching: RHP Herb Parker
|
|
Batting: RHB Guaspar Vasche
|
0-0: Ball 1-0: Ball 2-0: Swinging Strike 2-1: Fielders Choice at 2nd, 5-4 (Groundball, 56) Cristián Cauozos to third
|
Batting: SHB Michael Field
|
0-0: Ball 1-0: Foul Ball, location: 2F 1-1: Ball 2-1: Foul Ball, location: 2F 2-2: Foul Ball, location: 2F 2-2: Strikes out swinging
|
Pitching: LHP Roberto Galaz
|
|
Batting: LHB Josh Pérez
|
0-0: Called Strike 0-1: Ball 1-1: Swinging Strike 1-2: Ball 2-2: Foul Ball, location: 2F 2-2: Strikes out swinging
|
Top of the 8th over - 0 run(s), 1 hit(s), 1 error(s), 2 left on base; Erie 1 - Barry's Bay 3 |
TOP OF THE 9TH |
Erie Jaxx batting - Pitching for Barry's Bay Orioles : LHP Roberto Galaz
|
Pitching: LHP Mario García
|
|
Now in LF: Jesús Castillo
|
|
Batting: LHB Jim Knight
|
0-0: Ball 1-0: Called Strike 1-1: Called Strike 1-2: Ball 2-2: SINGLE (Groundball, 3D)
|
Pinch Hitting: RHB William Wilson
|
0-0: Ball 1-0: SINGLE (Groundball, 6D) Jim Knight to second
|
Batting: RHB Edgardo Castro
|
0-0: Bunt - Flyout! F2
|
Batting: RHB Ángel Serrano
|
0-0: Ball 1-0: Swinging Strike 1-1: Swinging Strike 1-2: Ball 2-2: Foul Ball, location: 2F 2-2: Foul Ball, location: 2F 2-2: Foul Ball, location: 2F 2-2: Strikes out swinging
|
Pinch Hitting: RHB Cássio Cardenas
|
0-0: SINGLE (Groundball, 56D) Jim Knight to third William Wilson to second Runner from 3rd tries for Home, SAFE, throw made at trailing runner, SAFE at third!
|
Batting: SHB Giel Molendijk
|
0-0: 3-RUN HOME RUN (Flyball, 78XD), Distance : 386 ft
|
Pitching: RHP Richard Manley
|
|
Batting: RHB Guaspar Vasche
|
0-0: Called Strike 0-1: Foul Ball, location: 2F 0-2: Ball 1-2: Ball 2-2: Strikes out swinging
|
Top of the 9th over - 4 run(s), 4 hit(s), 0 error(s), 0 left on base; Erie 5 - Barry's Bay 3 |
BOTTOM OF THE 9TH |
Barry's Bay Orioles batting - Pitching for Erie Jaxx : RHP Bill Dundon
|
Pitching: RHP Carlos Olmedo
|
|
Now at 2B: Cássio Cardenas
|
|
Now at 3B: José Durango
|
|
Batting: RHB Paul Nelson
|
0-0: Foul Ball, location: 2F 0-1: Foul Ball, location: 2F 0-2: Strikes out swinging
|
Batting: RHB Jason Ward
|
0-0: Ball 1-0: Foul Ball, location: 2F 1-1: DOUBLE (Line Drive, 5D)
|
Batting: RHB Santiago Rivera
|
0-0: Ball 1-0: Ball 2-0: Ground out 5-3 (Groundball, 56)
|
Batting: RHB Pablo Hernández
|
0-0: Ball 1-0: Called Strike 1-1: Ball 2-1: Ground out 6-3 (Groundball, 56)
|
Bottom of the 9th over - 0 run(s), 1 hit(s), 0 error(s), 1 left on base; Erie 5 - Barry's Bay 3 |
|